 Dungeon Crawl Stone Soup version 0.31-a0-667-g39726597b9 (webtiles) character file.

Game seed: 8459270716926506752

426335 GordonOverkill the Slayer (level 23, -25/243 HPs)
             Began as a Tengu Delver on Sept 4, 2023.
             Was an Initiate of Gozag.
             Killed from afar by Jory (75 damage)
             ... with a crystal spear
             ... on level 3 of the Depths.
             The game lasted 01:58:10 (58874 turns).

GordonOverkill the Slayer (Tengu Delver)           Turns: 58874, Time: 01:58:11

Health: -25/243    AC: 26    Str: 17    XL:     23   Next: 47%
Magic:  24/24      EV: 22    Int:  7    God:    Gozag
Gold:   3588       SH: 27    Dex: 24    Spells: 22/22 levels left

rFire   + + .        a - +8 broad axe (elec)
rCold   + + .        X - +0 tower shield
rNeg    + + .        b - +1 plate armour {Will+}
rPois   +            Z - +1 hat of the Teacher {rF+ rN+ Dex+3}
rElec   +            s - +2 cloak "Pyerph" {rC+}
rCorr   +            E - +2 pair of gloves
SInv    +            (boots unavailable)
Will    ++...        U - amulet of reflection Stlth
                     f - ring of Wuseufull {rElec rPois rN+ Int-5 Dex+4}
HPRegen 0.60/turn    G - ring of Vehumet's Scorn {EV+5 Str-4 Slay+3 SInv}
MPRegen 0.19/turn

%: reflection, acrobat
@: mighty, berserking, resistant, gold aura, flying, hasted, studying
Invocations, very quick
A: beak, talons 3, evasive flight, acrobatic
}: 3/15 runes: serpentine, barnacled, silver
a: Renounce Religion, Potion Petition, Call Merchant, Bribe Branch


You were on level 3 of the Depths.
You worshipped Gozag.
Gozag was most pleased with you.
You visited 8 branches of the dungeon, and saw 39 of its levels.
You also visited: Gauntlet.

You collected 20535 gold pieces.
You spent 6192 gold pieces at shops.
You paid 10755 gold pieces to Gozag.

Inventory:

Hand Weapons
 a - a +8 broad axe of electrocution (weapon)
 q - a +3 broad axe
 K - a +2 broad axe of flaming
Missiles
 m - 53 boomerangs
 r - 16 javelins (quivered)
 B - 6 curare-tipped darts
 J - 2 silver javelins
Armour
 b - a +1 plate armour of willpower (worn)
 s - the +2 cloak "Pyerph" (worn) {rC+}
   (You found it on level 2 of the Depths)

   rC+:       It protects you from cold.
 E - a +2 pair of gloves (worn)
 N - a +2 hat of willpower
 X - a +0 tower shield (worn)
 Z - the +1 hat of the Teacher (worn) {rF+ rN+ Dex+3}
   (You found it on level 2 of the Depths)

   Dex+3:     It affects your dexterity (+3).
   rF+:       It protects you from fire.
   rN+:       It protects you from negative energy.
Jewellery
 f - the ring of Wuseufull (left hand) {rElec rPois rN+ Int-5 Dex+4}
   (You took it off a vault guard on level 5 of the Vaults)

   [ring of positive energy]

   Int-5:     It affects your intelligence (-5).
   Dex+4:     It affects your dexterity (+4).
   rElec:     It insulates you from electricity.
   rPois:     It protects you from poison rN+: It protects you from negative
   energy.
 t - the ring of the Hare {EV+10}
   (You took it off an orc sorcerer on level 2 of the Depths)

   [ring of evasion]

   EV+10:     It affects your evasion (+10).
 G - the ring of Vehumet's Scorn (right hand) {EV+5 Str-4 Slay+3 SInv}
   (You took it off a merfolk aquamancer on level 4 of the Shoals)

   [ring of evasion]

   EV+5:      It affects your evasion (+5).
   Str-4:     It affects your strength (-4).
   Slay+3:    It affects your accuracy & damage with ranged weapons and melee
   (+3).
   SInv:      It lets you see invisible.
 U - an amulet of reflection (around neck)
Wands
 g - a wand of digging (19)
 k - a wand of polymorph (15)
 p - a wand of quicksilver (41)
 v - a wand of mindburst (34)
 y - a wand of roots (47)
 D - a wand of charming (21)
Scrolls
 c - 4 scrolls of fog
 d - 8 scrolls of revelation
 h - 10 scrolls of teleportation
 l - 24 scrolls of identify
 n - 5 scrolls of fear
 x - 3 scrolls of immolation
 M - 7 scrolls of vulnerability
 W - 2 scrolls of enchant armour
Potions
 e - 9 potions of mutation
 j - 4 potions of resistance
 o - 31 potions of curing
 u - 4 potions of haste
 w - a potion of cancellation
 z - 7 potions of heal wounds
 A - 2 potions of magic
 I - a potion of ambrosia {unknown}
 L - 3 potions of lignification
 O - 10 potions of might
 S - 3 potions of invisibility
 V - 5 potions of enlightenment
Miscellaneous
 P - a tin of tremorstones (1/2)
 Q - a phantom mirror
 R - a phial of floods
 Y - a box of beasts


   Skills:
 - Level 22.0 Fighting
 - Level 20.0 Axes
 - Level 15.0 Armour
 - Level 15.0 Dodging
 - Level 5.0 Stealth
 + Level 17.1 Shields
 - Level 20.0 Evocations


You had 22 spell levels left.
You didn't know any spells.
Your spell library contained the following spells:

 Spells                   Type           Power      Damage    Failure   Level
 Apportation              Tloc           0%         N/A       100%        1
 Freeze                   Ice            0%         1d3       100%        1
 Kiss of Death            Conj/Necr      0%         2d5       100%        1
 Sandblast                Erth           0%         2d4       100%        1
 Slow                     Hex            0%         N/A       100%        1
 Blink                    Tloc           0%         N/A       100%        2
 Cigotuvi's Dreadful Rot  Necr/Pois/Air  0%         N/A       100%        2
 Lesser Beckoning         Tloc           0%         N/A       100%        2
 Momentum Strike          Conj/Tloc      0%         3d8       100%        2
 Passwall                 Tmut/Erth      0%         N/A       100%        2
 Scorch                   Fire           0%         2d5       100%        2
 Static Discharge         Conj/Air       0%         2-2/arc   100%        2
 Wereblood                Tmut           0%         N/A       100%        2
 Confusing Touch          Hex            0%         N/A       100%        3
 Dazzling Flash           Conj/Hex       0%         N/A       100%        3
 Frozen Ramparts          Ice            0%         1d1       100%        3
 Gell's Gravitas          Tloc           0%         N/A       100%        3
 Hailstorm                Conj/Ice       0%         3d3       100%        3
 Inner Flame              Hex/Fire       0%         N/A       100%        3
 Ozocubu's Armour         Ice            0%         N/A       100%        3
 Stone Arrow              Conj/Erth      0%         3d7       100%        3
 Summon Guardian Golem    Hex/Summ       0%         N/A       100%        3
 Teleport Other           Tloc           0%         N/A       100%        3
 Vampiric Draining        Necr           0%         2d6       100%        3
 Volatile Blastmotes      Fire/Tloc      0%         2d10      100%        3
 Anguish                  Hex/Necr       0%         N/A       100%        4
 Cause Fear               Hex            0%         N/A       100%        4
 Dispel Undead            Necr           0%         3d6       100%        4
 Flame Wave               Conj/Fire      0%         2d4       100%        4
 Fulminant Prism          Conj/Hex       0%         3d5       100%        4
 Iskenderun's Mystic Bla  Conj/Tloc      0%         2d3       100%        4
 Sticky Flame             Conj/Fire      0%         2d3       100%        4
 Agony                    Necr           0%         N/A       100%        5
 Alistair's Intoxication  Tmut/Pois      0%         N/A       100%        5
 Borgnjor's Vile Clutch   Necr/Erth      0%         N/A       100%        5
 Irradiate                Conj/Tmut      0%         3d11      100%        5
 Metabolic Englaciation   Hex/Ice        0%         N/A       100%        5
 Silence                  Hex/Air        0%         N/A       100%        5
 Death Channel            Necr           0%         N/A       100%        6
 Eringya's Noxious Bog    Tmut/Pois      0%         4d6       100%        6
 Starburst                Conj/Fire      0%         6d3       100%        6
 Summon Cactus Giant      Summ           0%         N/A       100%        6
 Enfeeble                 Hex            0%         N/A       100%        7
 Orb of Destruction       Conj           0%         9d5       100%        7
 Ozocubu's Refrigeration  Ice            0%         4d7       100%        7
 Spellforged Servitor     Conj/Summ      0%         N/A       100%        7
 Borgnjor's Revivificati  Necr           0%         N/A       100%        8
 Maxwell's Capacitive Co  Air            0%         ∞         100%        8
 Simulacrum               Ice/Necr       Unusable   N/A       N/A         6

Dungeon Overview and Level Annotations

Branches:
Dungeon (15/15)            Temple (1/1) D:5            Lair (5/5) D:9
 Shoals (4/4) Lair:2        Snake (4/4) Lair:3        Slime (0/5) Lair:5
    Orc (2/2) D:9             Elf (0/3) Orc:2        Vaults (5/5) D:14
  Crypt (0/3) Vaults:2     Depths (3/4) D:15        Gauntlet (visited)

Altars:
Ashenzari
Cheibriados
Dithmenos
Elyvilon
Fedhas
Gozag
Hepliaklqana
Kikubaaqudgha
Makhleb
Nemelex Xobeh
Okawaru
Qazlal
Ru
Sif Muna
Trog
Uskayaw
Vehumet
Wu Jian
Xom
Yredelemnul
Zin
The Shining One
Jiyva

Shops:
D:1 (((*   D:9 *   Orc:2 [=*(   Shoals:3 *   Snake:1 :*(=   Snake:4 ::=
Vaults:2 (   Vaults:5 !?!!?   Depths:1 (

Portals:
Hell: Depths:1 Depths:2
Pandemonium: Depths:2
Ziggurat: Depths:1

Annotations:
D:5 exclusion: 2 downstairs
Snake:3 2 transporters, Azrael; niknal's ghost, adept TrWr
Depths:3 Jory


Innate Abilities, Weirdness & Mutations

You have a beak for a mouth.
You have claws for feet.
Your magical flight helps you evade attacks. (EV +4)
You can magically evade attacks while moving or waiting.


Message History

Jory is moderately damaged.
Jory gestures at you while chanting. The crystal spear hits you!!!!
Ouch! That really hurt!
* * * LOW HITPOINT WARNING * * *
You hit Jory. Lightning courses through Jory! You claw Jory, but do no damage.
Your peck misses Jory.
Jory is moderately damaged.
Jory hits you but does no damage.
You writhe in agony.
* * * LOW HITPOINT WARNING * * *
You block Jory's attack.
Unknown command.
Unknown command.
Okay, then. [a] - 600 gold - haste and resistance [b] - 250 gold - resistance [c] - 918 gold - resistance, might, haste, heal wounds and berserk rage Purchase which effect?
You feel protected.
You feel very mighty all of a sudden.
You feel yourself speed up.
You feel much better.
A red film seems to cover your vision as you go berserk!
You feel yourself moving faster!
You feel mighty! You block Jory's attack. x2
You miss Jory. Your kick misses Jory. You peck Jory, but do no damage.
Jory is moderately damaged.
You closely miss Jory. You claw Jory. Your peck misses Jory.
Jory is moderately damaged.
Jory mumbles some strange words.
You closely miss Jory. You claw Jory! You peck Jory, but do no damage.
Jory is heavily damaged.
You block Jory's attack. x2
You hit Jory but do no damage. Lightning courses through Jory!
Your kick misses Jory.
Jory is heavily damaged.
You slash Jory! You claw Jory! You peck Jory, but do no damage.
Jory is severely damaged.
Jory points at you and mumbles some strange words.
The crystal spear hits you!!!!
You die...
Jory screams, "Yes, yes!"
Your body crumbles into a pile of gold.

#♣~≈≈~~~. # #.~~≈~~.. .
#. #.♣~≈~~~. .. #.
###.♣~~~~~. ... ..
...♣~P~~♣. ...
#.#.######.#~~~~~. ..
#...........♣P~~~#
#.##.######...####~~~##
#....V@$......# ##.♣##
####.###.....####..####
.. #............... ...
#.........#####... ###
#.....#####...####
###....##..#.....#..
#.....##...'.'''.'..
#.....#..."###.###).
#.....#...##.....##.


You could see Jory.

Vanquished Creatures
  A dread lich (Depths:1)
  An ancient lich (Vaults:5)
  Mara (Shoals:3)
  Vv (Depths:3)
  Boris (Depths:2)
  Vashnia (Snake:3)
  A caustic shrike (Depths:1)
  A golden dragon (Vaults:5)
  Nikola (Shoals:4)
  Norris (Vaults:4)
  2 liches
  Rupert (D:13)
  2 tentacled monstrosities (Vaults:5)
  4 titans (Vaults:5)
  A quicksilver dragon (Vaults:5)
  2 sphinxes
  3 krakens
  4 tengu reavers (Vaults:5)
  3 storm dragons (Vaults:5)
  3 nagarajas
  Agnes (Snake:3)
  Aizul (Snake:2)
  A fire giant (Depths:1)
  6 deep elf sorcerers
  An iron dragon (Vaults:5)
  A curse skull (Depths:1)
  14 vault wardens
  3 draconian shifters (Depths:2)
  6 frost giants
  A cacodemon (Depths:1)
  A draconian annihilator (Depths:2)
  An orc warlord (Orc:1)
  15 ironbound preservers
  A stone giant (shapeshifter) (Vaults:5)
  9 stone giants
  2 spriggan defenders (Depths:1)
  11 very ugly things
  A vampire knight (Depths:1)
  5 ironbound thunderhulks
  4 formless jellyfish
  Nessos (Lair:5)
  A deep elf annihilator (Vaults:5)
  24 dire elephants
  5 spark wasps (Depths:1)
  A minotaur (Gauntlet)
  4 deep elf demonologists (Vaults:5)
  4 merfolk javelineers
  3 fire dragons
  2 entropy weavers
  6 merfolk impalers
  3 deep elf high priests (Vaults:5)
  4 ettins
  7 great orbs of eyes
  17 yaktaur captains
  30 vault guards
  2 rakshasas (Depths:1)
  8 ice dragons
  A peacekeeper (Vaults:1)
  2 ogre magi
  3 catoblepae
  9 ironbound frosthearts
  An alligator snapping turtle (Shoals:2)
  A merfolk avatar (Shoals:4)
  8 salamander tyrants
  12 centaur warriors
  4 hydras
  A spriggan air mage (Depths:1)
  13 anacondas
  4 merfolk aquamancers
  7 two-headed ogres
  9 naga warriors
  2 death knights (Vaults:2)
  4 boulder beetles
  3 orc high priests (Orc:2)
  A deep troll shaman (Depths:1)
  6 tengu warriors
  7 death yaks
  4 deep troll earth magi
  3 satyrs
  7 shock serpents
  5 soul eaters (Depths:2)
  13 naga sharpshooters
  2 deep elf knights (Vaults:5)
  6 hell knights
  2 large abominations (Gauntlet)
  3 spectral death yaks (Lair:5)
  A sixfirhy (Depths:1)
  5 skysharks
  8 salamander mystics
  A spectral anaconda (Lair:5)
  An iron troll (Depths:1)
  A shadow wraith (Vaults:2)
  A sea snake (shapeshifter) (Depths:1)
  Pikel (D:6)
  51 deep trolls
  14 sea snakes
  12 harpies
  8 naga ritualists
  9 lindwurms
  6 glowing orange brains
  A shadow dragon zombie (Depths:2)
  12 wizards
  3 phantasmal warriors
  A flayed ghost (Depths:2)
  An obsidian statue (Lair:5)
  8 necromancers
  A wolf spider (shapeshifter) (Vaults:5)
  2 deep elf zephyrmancers (Vaults:5)
  16 ironbound convokers
  7 orc sorcerers
  12 mana vipers
  A tengu skeleton (Depths:2)
  7 cyclopes
  47 ugly things
  3 deep elf pyromancers
  5 orc knights (Orc:2)
  8 fauns
  28 salamanders
  18 elephants
  16 manticores
  38 black mambas
  4 merfolk sirens
  4 water nymphs (Shoals:4)
  8 guardian serpents
  2 dire elephant zombies (Lair:5)
  An orange demon (Depths:2)
  3 eyes of devastation
  11 naga magi
  18 cane toads
  22 vault sentinels
  A torpor snail (Lair:2)
  A dire elephant skeleton (Lair:5)
  32 yaktaurs
  A gargoyle (D:11)
  A yaktaur (shapeshifter) (Vaults:5)
  Maggie (D:7)
  7 rime drakes
  10 komodo dragons
  Psyche (D:9)
  A freezing wraith (Vaults:5)
  2 kobold demonologists
  3 tengu conjurers
  An ice devil (Depths:1)
  A silent spectre (Depths:2)
  3 polar bears
  9 trolls
  23 merfolk
  6 meliai (D:13)
  A hornet (D:10)
  5 wind drakes
  Grinder (D:6)
  2 saltlings (Vaults:2)
  13 blink frogs
  6 snapping turtles
  27 slime creatures
  4 spectral elephants (Lair:5)
  A fire giant simulacrum (Vaults:3)
  28 dream sheep
  A culicivora (Vaults:2)
  A jumping spider (Vaults:2)
  5 shadows
  A ynoxinul (Gauntlet)
  71 yaks
  A dire elephant simulacrum (Lair:5)
  8 water elementals
  5 wyverns
  A vampire (D:11)
  Eustachio (D:6)
  A yak (shapeshifter) (D:13)
  4 wraiths
  3 golden eyes (Depths:3)
  2 steam dragons
  11 humans
  14 vampire mosquitoes
  2 fire elementals (Snake:3)
  Edmund (D:4)
  5 redbacks
  3 basilisks
  A chaos spawn (Depths:2)
  A yaktaur simulacrum (Vaults:3)
  2 swamp worms (Gauntlet)
  2 wargs (Orc:1)
  A human zombie (Depths:2)
  44 nagas
  13 water moccasins
  2 acid dragons
  Duvessa (D:7)
  3 hell hounds (Snake:3)
  A floating eye (shapeshifter) (Vaults:5)
  20 orc warriors
  An ice beast (D:6)
  2 floating eyes (Depths:3)
  6 black bears
  An elephant zombie (Lair:5)
  9 wolves
  5 boggarts
  2 elephant skeletons (Lair:5)
  10 centaurs
  7 ogres
  5 small abominations (Gauntlet)
  A lemure (D:6)
  A phantom (D:6)
  2 kobold brigands
  A gnoll sergeant (D:9)
  16 bullfrogs
  A scorpion (D:7)
  2 cane toad simulacra (Lair:5)
  5 wights
  4 killer bees (D:9)
  Dowan (D:7)
  An elephant simulacrum (Lair:5)
  6 electric eels
  16 howler monkeys
  A crimson imp (D:10)
  11 orc priests
  6 hounds
  Crazy Yiuf (D:2)
  3 sleepcaps
  4 iron imps (Gauntlet)
  3 jellies
  Ijyb (D:5)
  Jessica (D:2)
  Terence (D:2)
  22 orc wizards
  3 gnolls (D:9)
  5 adders
  2 gnoll zombies (D:4)
  A white imp (D:5)
  A dart slug (D:2)
  2 worms
  72 orcs
  4 ball pythons
  4 bats
  5 endoplasms
  A giant cockroach (D:1)
  8 hobgoblins
  6 jackals
  7 quokkas
  3 frilled lizards
  9 goblins
  13 kobolds
  5 rats
  4 tentacles (Shoals:4)
1550 creatures vanquished.

Vanquished Creatures (collateral kills)
  A vault warden (Vaults:5)
  A war gargoyle (Vaults:1)
  An ettin (Vaults:5)
  A yaktaur captain (Vaults:1)
  A vault guard (Vaults:5)
  An ironbound frostheart (Vaults:1)
  A glowing orange brain (Depths:3)
  A deep elf pyromancer (D:13)
  A gargoyle (D:13)
9 creatures vanquished.

Vanquished Creatures (others)
  A naga warrior (Snake:2)
  A wizard (Vaults:4)
  A manticore (Shoals:2)
  A naga mage (Snake:3)
  A human (Depths:2)
  17 tentacles
22 creatures vanquished.

Grand Total: 1581 creatures vanquished

Notes
Turn   | Place    | Note
-------+----------+-------------------------------------------
     0 | D:5      | GordonOverkill the Tengu Delver began the quest for the
                  | Orb.
     0 | D:5      | Reached XP level 1. HP: 14/14 MP: 2/2
    14 | D:6      | Noticed a shadow
    26 | D:6      | Noticed a lemure
    26 | D:6      | Noticed a lemure
    27 | D:6      | Noticed a lemure
    27 | D:6      | Noticed a lemure
    28 | D:6      | Noticed Pikel
    62 | D:6      | Reached XP level 2. HP: 19/19 MP: 3/3
    63 | D:6      | Noticed Grinder
    74 | D:5      | Found a staircase to the Ecumenical Temple.
    99 | D:5      | Reached XP level 3. HP: 7/23 MP: 4/4
   103 | D:5      | Reached XP level 4. HP: 5/28 MP: 5/5
   219 | Temple   | Entered the Ecumenical Temple
   328 | D:5      | Reached skill level 5 in Axes
   328 | D:5      | Reached XP level 5. HP: 32/32 MP: 6/6
   416 | D:5      | Found an ornate altar of the Wu Jian Council.
   658 | D:4      | Found a transporter.
   972 | Temple   | Became a worshipper of Gozag Ym Sagoz the Greedy
  1031 | D:4      | Noticed Edmund
  1064 | D:4      | Reached XP level 6. HP: 26/38 MP: 7/7
  1065 | D:4      | Reached skill level 4 in Fighting
  1415 | D:2      | Identified the +11 hand axe of Iwnif {freeze, rN+ Str+3}
  1704 | D:1      | Found Seitinam's Assorted Antiques.
  1730 | D:1      | Found Tushium's Antique Weapon Shop.
  1763 | D:1      | Found Wypsy's Weapon Emporium.
  1824 | D:1      | Found Ocim's Weapon Boutique.
  2032 | D:1      | Found a faded altar of an unknown god.
  2387 | D:2      | Noticed Jessica
  2394 | D:2      | Noticed Terence
  2395 | D:2      | Killed Jessica
  2400 | D:2      | Killed Terence
  2401 | D:2      | Reached skill level 5 in Fighting
  2810 | D:2      | Found a runed translucent door.
  2811 | D:2      | Noticed Crazy Yiuf
  2904 | D:2      | Killed Crazy Yiuf
  3689 | D:4      | Killed Edmund
  3690 | D:4      | Gained mutation: Your magical flight helps you evade
                  | attacks. (EV +4) [Tengu growth]
  3690 | D:4      | Reached XP level 7. HP: 44/44 MP: 8/8
  3798 | D:4      | Found a transporter.
  3850 | D:4      | Found an iron altar of Okawaru.
  4049 | D:4      | Reached skill level 1 in Evocations
  4150 | D:5      | Noticed Ijyb
  4159 | D:5      | Killed Ijyb
  4504 | D:5      | Reached XP level 8. HP: 25/49 MP: 9/9
  4626 | D:6      | Reached skill level 1 in Armour
  5029 | D:6      | Killed Pikel
  5030 | D:6      | Reached skill level 7 in Fighting
  5057 | D:6      | Reached XP level 9. HP: 57/57 MP: 10/10
  5093 | D:6      | Noticed Eustachio
  5127 | D:6      | Killed Eustachio
  5297 | D:6      | Killed Grinder
  5298 | D:6      | Reached skill level 10 in Axes
  6261 | D:7      | Noticed Maggie
  6277 | D:7      | Killed Maggie
  6570 | D:7      | Noticed Duvessa
  6571 | D:7      | Noticed Dowan
  6573 | D:7      | Killed Duvessa
  6574 | D:7      | Reached XP level 10. HP: 60/63 MP: 11/11
  6579 | D:7      | Killed Dowan
  7817 | D:9      | Noticed Psyche
  7817 | D:9      | Found a staircase to the Lair.
  7820 | D:9      | Killed Psyche
  8085 | D:9      | Found Koichoikk's Assorted Antiques.
  8099 | D:9      | Reached skill level 15 in Axes
  8122 | D:9      | Reached XP level 11. HP: 49/67 MP: 12/12
  8221 | D:9      | Bought a scroll labelled MUTONTAAHEF for 25 gold pieces
  8221 | D:9      | Bought 3 scrolls labelled MUTONTAAHEF for 75 gold pieces
  8221 | D:9      | Bought a scroll of teleportation for 75 gold pieces
  8221 | D:9      | Bought a scroll of teleportation for 75 gold pieces
  8221 | D:9      | Bought a clear potion for 22 gold pieces
  8221 | D:9      | Bought a scroll of identify for 50 gold pieces
  8381 | D:9      | Found a staircase to the Orcish Mines.
  8867 | D:10     | Entered Level 10 of the Dungeon
  9300 | D:10     | Noticed a two-headed ogre
  9310 | D:10     | Killed a two-headed ogre
  9517 | D:10     | Noticed a wizard
  9520 | D:10     | Killed a wizard
 10292 | D:11     | Noticed a two-headed ogre
 10301 | D:11     | Killed a two-headed ogre
 10592 | D:11     | Reached XP level 12. HP: 60/72 MP: 13/13
 11208 | Lair:1   | Entered Level 1 of the Lair of Beasts
 11323 | Lair:1   | Found a gate leading to a gauntlet.
 11395 | Gauntlet | Entered a Gauntlet
 11395 | Gauntlet | Found a transporter.
 11395 | Gauntlet | Found a transporter.
 11395 | Gauntlet | Found a transporter.
 11399 | Gauntlet | Found a transporter.
 11399 | Gauntlet | Found a transporter.
 11421 | Gauntlet | Found a transporter.
 11476 | Gauntlet | Found a transporter.
 11484 | Gauntlet | Noticed a large abomination
 11486 | Gauntlet | Found a transporter.
 11501 | Gauntlet | Found a transporter.
 11513 | Gauntlet | Found a transporter.
 11526 | Gauntlet | Found a transporter.
 11532 | Gauntlet | Found a transporter.
 11699 | Gauntlet | Killed a large abomination
 11700 | Gauntlet | Reached skill level 8 in Fighting
 11996 | Gauntlet | Noticed a minotaur
 12009 | Gauntlet | Killed a minotaur
 12010 | Gauntlet | Reached skill level 9 in Fighting
 12249 | Lair:1   | Reached skill level 10 in Fighting
 12394 | Lair:1   | Reached skill level 5 in Armour
 13030 | Lair:2   | Reached XP level 13. HP: 59/82 MP: 14/14
 13186 | Lair:2   | Reached skill level 5 in Dodging
 13351 | Lair:2   | Found a staircase to the Shoals.
 13623 | Lair:2   | Reached skill level 11 in Fighting
 13966 | Lair:2   | Identified a scroll of acquirement
 13967 | Lair:2   | Acquired a manual of Dodging
 14478 | Lair:3   | Reached skill level 12 in Fighting
 14849 | Lair:3   | Reached skill level 13 in Fighting
 15129 | Lair:3   | Found a staircase to the Snake Pit.
 15805 | Lair:4   | Reached XP level 14. HP: 73/94 MP: 15/15
 15873 | Lair:4   | Reached skill level 10 in Dodging
 16534 | Lair:5   | Entered Level 5 of the Lair of Beasts
 17282 | Lair:5   | Reached skill level 15 in Dodging
 17658 | Lair:5   | Noticed a dire elephant
 17658 | Lair:5   | Noticed a dire elephant
 17658 | Lair:5   | Noticed a dire elephant
 17658 | Lair:5   | Noticed a dire elephant
 17659 | Lair:5   | Noticed a dire elephant
 17678 | Lair:5   | Killed a dire elephant
 17685 | Lair:5   | Killed a dire elephant
 17851 | Lair:4   | Reached skill level 10 in Armour
 18366 | Lair:5   | Reached XP level 15. HP: 100/100 MP: 16/16
 18528 | Lair:5   | Found a staircase to the Slime Pits.
 18528 | Lair:5   | Found a viscous altar of Jiyva.
 18672 | Lair:5   | Reached skill level 14 in Fighting
 19368 | Lair:5   | Noticed Nessos
 19383 | Lair:5   | Killed Nessos
 19705 | Lair:5   | Reached skill level 15 in Fighting
 19709 | Lair:5   | Identified the ring "Ozoreu" {rF- rN+ SInv Stlth+}
 19920 | D:12     | Reached skill level 1 in Shields
 21126 | D:13     | Noticed Rupert
 21160 | D:13     | Killed Rupert
 21161 | D:13     | Reached skill level 5 in Shields
 21433 | D:13     | Found the +3 giant club "Skullcrusher" {speed, Str+7}
 23482 | D:14     | Found a snail-covered altar of Cheibriados.
 23566 | D:14     | Found a gate to the Vaults.
 23843 | D:15     | Entered Level 15 of the Dungeon
 23866 | D:15     | Reached XP level 16. HP: 72/108 MP: 11/17
 23969 | D:15     | Found a shimmering altar of Xom.
 24112 | D:15     | Reached skill level 10 in Shields
 24646 | D:15     | Found a staircase to the Depths.
 24790 | D:15     | Found a shimmering altar of Xom.
 25136 | Orc:1    | Entered Level 1 of the Orcish Mines
 25186 | Orc:2    | Entered Level 2 of the Orcish Mines
 25326 | Orc:2    | Reached skill level 5 in Evocations
 25506 | Orc:2    | Found Lyizxo's Weapon Shoppe.
 25890 | Orc:2    | Found a staircase to the Elven Halls.
 26397 | Orc:2    | Paralysed by an orc sorcerer for 3 turns
 26479 | Orc:2    | Found Obbi Fusu's Assorted Antiques.
 26486 | Orc:2    | Bought a scroll of blinking for 240 gold pieces
 26486 | Orc:2    | Found Voaps's Jewellery Boutique.
 26488 | Orc:2    | Found Zaxkeyna's Armour Shoppe.
 26499 | Orc:2    | Bought a +4 ring of slaying for 1014 gold pieces
 26756 | D:1      | Bought a potion of curing for 69 gold pieces
 26756 | D:1      | Bought a scroll of summoning for 218 gold pieces
 26756 | D:1      | Bought a scroll of enchant weapon for 172 gold pieces
 26756 | D:1      | Bought a wand of quicksilver (7) for 676 gold pieces
 26756 | D:1      | Bought a wand of quicksilver (4) for 386 gold pieces
 26756 | D:1      | Bought a coppery potion for 20 gold pieces
 26756 | D:1      | Bought 2 coppery potions for 41 gold pieces
 26756 | D:1      | Bought a scroll of amnesia for 92 gold pieces
 26982 | Snake:1  | Entered Level 1 of the Snake Pit
 27395 | Snake:1  | Found Rategio's Weapon Shop.
 27395 | Snake:1  | Found Cuvips's General Store.
 27397 | Snake:1  | Found Guothear's Book Boutique.
 27398 | Snake:1  | Found Zockacuco's Jewellery Shop.
 27846 | Snake:2  | Reached skill level 10 in Evocations
 28325 | Snake:2  | Reached XP level 17. HP: 67/113 MP: 9/18
 28661 | Snake:2  | Noticed Aizul
 28673 | Snake:2  | Killed Aizul
 29412 | Snake:3  | Noticed Vashnia
 29498 | Snake:3  | Killed Vashnia
 29992 | Snake:3  | Noticed Agnes
 30002 | Snake:3  | Killed Agnes
 30142 | Snake:3  | Found a transporter.
 30144 | Snake:3  | Found a transporter.
 30218 | Snake:3  | Noticed niknal's ghost (adept TrWr)
 30220 | Snake:3  | Found a bloodstained altar of Trog.
 30458 | Snake:3  | Noticed Azrael
 30832 | Snake:4  | Entered Level 4 of the Snake Pit
 31654 | Snake:4  | Reached skill level 15 in Armour
 32137 | Snake:4  | Reached XP level 18. HP: 77/120 MP: 14/19
 32770 | Snake:4  | Reached skill level 16 in Fighting
 33122 | Snake:4  | Found Isinusuesu's Book Boutique.
 33123 | Snake:4  | Found Leroschy's Jewellery Shoppe.
 33124 | Snake:4  | Found Yfrownu's Book Boutique.
 33912 | Snake:4  | Got a serpentine rune of Zot
 34091 | Snake:4  | Reached skill level 17 in Fighting
 34262 | Shoals:1 | Entered Level 1 of the Shoals
 35784 | Shoals:2 | Reached skill level 18 in Fighting
 37081 | Shoals:3 | Found Zocat's CLEARANCE SALE!.
 37084 | Shoals:3 | Bought a scroll of teleportation for 12 gold pieces
 37327 | Shoals:4 | Entered Level 4 of the Shoals
 37461 | Shoals:4 | Noticed Nikola
 37475 | Shoals:4 | Killed Nikola
 37595 | Shoals:4 | Reached skill level 19 in Fighting
 37653 | Shoals:4 | Reached XP level 19. HP: 110/132 MP: 20/20
 37791 | Shoals:4 | Got a barnacled rune of Zot
 37982 | Shoals:4 | Noticed Mara
 38008 | Shoals:4 | Found a hazy altar of Hepliaklqana.
 38015 | Shoals:3 | Killed Mara
 38504 | Shoals:4 | Identified the ring of Vehumet's Scorn {EV+5 Str-4 Slay+3
                  | SInv}
 38756 | Shoals:4 | Reached skill level 20 in Fighting
 38958 | Shoals:4 | Identified the +0 short sword "Cadeemit" {venom, rElec rF+}
 39532 | Vaults:1 | Entered Level 1 of the Vaults
 41545 | Vaults:2 | Reached XP level 20. HP: 77/140 MP: 21/21
 41925 | Vaults:2 | Found a staircase to the Crypt.
 42104 | Vaults:2 | Found Cenimyremp's Weapon Boutique.
 42229 | Vaults:2 | Reached skill level 15 in Shields
 45529 | Vaults:4 | Reached XP level 21. HP: 111/146 MP: 22/22
 46358 | Vaults:3 | Reached skill level 15 in Evocations
 46922 | Vaults:4 | Paralysed by a sphinx for 2 turns
 46929 | Vaults:4 | Paralysed by a great orb of eyes for 4 turns
 47282 | Vaults:4 | Noticed Norris
 47298 | Vaults:3 | Reached skill level 21 in Fighting
 47548 | Vaults:4 | Killed Norris
 48166 | Depths:1 | Entered Level 1 of the Depths
 48171 | Depths:1 | Noticed a caustic shrike
 48181 | Depths:1 | Killed a caustic shrike
 48941 | Depths:1 | Found Ocaqouwoc's Antique Weapon Shoppe.
 49227 | Depths:1 | Found a one-way gateway to a ziggurat.
 49234 | Depths:1 | Found a gateway to Hell.
 49253 | Depths:1 | Reached skill level 22 in Fighting
 49802 | Depths:1 | Found a broken altar of Ashenzari.
 51035 | Depths:2 | Found a one-way gate leading to the halls of Pandemonium.
 51061 | Depths:2 | Reached XP level 22. HP: 141/156 MP: 23/23
 52200 | Depths:2 | Found a runed door.
 52891 | Depths:2 | Noticed a dread lich
 53548 | Depths:1 | Killed a dread lich
 53720 | Depths:2 | Identified the staff of Wicked Prudence {rN+ Str+5 Necro}
 53722 | Depths:2 | Identified the ring of Ysauthryv {Fly rPois rCorr Int-4
                  | Dex-5}
 53734 | Depths:2 | Identified the +2 cloak "Pyerph" {rC+}
 53756 | Depths:2 | Identified the +1 hat of the Teacher {rF+ rN+ Dex+3}
 53866 | Depths:3 | Noticed Boris
 54209 | Vaults:5 | Entered Level 5 of the Vaults
 54298 | Vaults:5 | Found Yhiar's Magic Scroll Shoppe.
 55171 | Vaults:5 | Identified the staff of Wu Jian's Favour {+Blink rF+ rC+
                  | Int+2 Stlth+ Ice}
 55368 | Vaults:5 | Noticed a golden dragon
 55381 | Vaults:5 | Noticed an ancient lich
 55384 | Vaults:5 | Killed a golden dragon
 55440 | Vaults:5 | Noticed a caustic shrike
 55440 | Vaults:5 | a caustic shrike changed into an iron dragon
 55532 | Vaults:5 | Identified the ring of Wuseufull {rElec rPois rN+ Int-5
                  | Dex+4}
 55821 | Vaults:5 | Identified the +7 rapier "Otruvy" {vamp, Drain rElec rF+
                  | Str+3}
 55882 | Vaults:5 | Identified the ring "Enneul" {rPois Will+ Str+2 Int+3}
 55945 | Vaults:5 | Killed an ancient lich
 55946 | Vaults:5 | Reached XP level 23. HP: 162/162 MP: 24/24
 56067 | Vaults:5 | Identified the ring "Vobryez" {EV+5 Str+2 Dex+6}
 56079 | Vaults:5 | Identified the +4 dagger "Seumois" {drain, rC+ Str+2
                  | Stlth+}
 56716 | Vaults:5 | Found Sumnait's Distillery.
 56723 | Vaults:5 | Bought a potion of mutation for 144 gold pieces
 56723 | Vaults:5 | Bought a potion of curing for 54 gold pieces
 56723 | Vaults:5 | Bought a potion of curing for 54 gold pieces
 56723 | Vaults:5 | Bought a potion of heal wounds for 90 gold pieces
 56723 | Vaults:5 | Bought a potion of enlightenment for 90 gold pieces
 57025 | Vaults:5 | Identified the staff of Wondrous Power {Drain rPois rC-
                  | rN+++ Dex+4 Poison}
 57027 | Vaults:5 | Got Borgnjor's Commentary on Evil Deeds
 57241 | Vaults:5 | Found Zuaps's Distillery.
 57241 | Vaults:5 | Found Kegoef's Magic Scroll Emporium.
 57246 | Vaults:5 | Bought a potion of curing for 57 gold pieces
 57246 | Vaults:5 | Bought a potion of curing for 57 gold pieces
 57246 | Vaults:5 | Bought a potion of invisibility for 152 gold pieces
 57246 | Vaults:5 | Bought a potion of heal wounds for 95 gold pieces
 57246 | Vaults:5 | Bought a potion of invisibility for 152 gold pieces
 57246 | Vaults:5 | Bought a potion of mutation for 152 gold pieces
 57253 | Vaults:5 | Bought a scroll of revelation for 142 gold pieces
 57253 | Vaults:5 | Bought a scroll of fog for 76 gold pieces
 57253 | Vaults:5 | Bought a scroll of fog for 76 gold pieces
 57253 | Vaults:5 | Bought a scroll of revelation for 142 gold pieces
 57253 | Vaults:5 | Bought a scroll of enchant weapon for 142 gold pieces
 57253 | Vaults:5 | Bought a scroll of revelation for 142 gold pieces
 57260 | Vaults:5 | Found Zoppanieto's Distillery.
 57265 | Vaults:5 | Bought a potion of heal wounds for 105 gold pieces
 57265 | Vaults:5 | Bought a potion of might for 84 gold pieces
 57265 | Vaults:5 | Bought a potion of heal wounds for 105 gold pieces
 57265 | Vaults:5 | Bought a potion of heal wounds for 105 gold pieces
 57265 | Vaults:5 | Bought a potion of curing for 63 gold pieces
 57265 | Vaults:5 | Bought a potion of mutation for 168 gold pieces
 57265 | Vaults:5 | Bought a potion of curing for 63 gold pieces
 57265 | Vaults:5 | Bought a potion of curing for 63 gold pieces
 57353 | Vaults:5 | Got a silver rune of Zot
 57505 | Vaults:5 | Bought a scroll of enchant armour for 105 gold pieces
 57505 | Vaults:5 | Bought a scroll of enchant weapon for 105 gold pieces
 57505 | Vaults:5 | Bought a scroll of revelation for 105 gold pieces
 57505 | Vaults:5 | Bought a scroll of teleportation for 42 gold pieces
 57897 | Depths:2 | Killed Boris
 58334 | Depths:3 | Paralysed by a floating eye for 4 turns
 58369 | Depths:3 | Noticed Vv
 58404 | Depths:3 | Killed Vv
 58779 | Depths:3 | Got the Compilation of Momentum
 58855 | Depths:3 | Noticed Jory
 58874 | Depths:3 | Killed from afar by Jory

Illustrated notes

Levels and vault maps discovered:
D:1:      dpeg_arrival_prison, layout_basic, serial_shops, shop, shop,
          nicolae_shop_crystal, nicolae_shop_tiny_waterfront,
          basic_ecumenical_altar
D:2:      minmay_wonky_spiral, layout_basic, guppyfry_early_orc_mine,
          uniq_terence, uniq_jessica, uniq_crazy_yiuf_cottage
D:3:      layout_loops_ring, hangedman_glass_teeth, guppyfry_early_lair_pool
D:4:      gammafunk_cloud_chamber, layout_basic, okawaru_ov_weapons_minmay,
          uniq_edmund
D:5:      layout_loops_cross, nicolae_wu_jian_glorious_leap,
          minmay_temple_entry_mist, uniq_ijyb
D:6:      layout_loops_corners, chequers_big_river, uniq_grinder,
          uniq_eustachio, uniq_pikel
D:7:      layout_basic, uniq_maggie, uniq_duvessa
D:8:      layout_basic
D:9:      layout_basic, due_lair_maze_entry_diamond, serial_shops,
          nicolae_shop_stone, uniq_psyche
D:10:     layout_roguey, lightli_wizard_tower
D:11:     layout_roguey
D:12:     layout_basic
D:13:     layout_layer_cave, uniq_rupert
D:14:     layout_stronghold, ximxim_vaults_locker_room, corexii_hall_statues_x,
          cheibrodos_worm_habitat
D:15:     grunt_enter_depths_hoard, layout_cave_pools, xom_teletrap_fun,
          hangedman_abyss_or_decor_passed
Temple:   nicolae_temple_bog_church
Lair:1:   layout_gridlike, gauntlet_entry_generic, st_stairs_13,
          beast_lair_carwin_2, serial_bayou_shore_a
Lair:2:   layout_hall_layers, minmay_shoals_entry_centaurs
Lair:3:   layout_loops_ring, alex1729_snake_entry_snake, kilobyte_rumbling_trees
Lair:4:   layout_roguey
Lair:5:   due_jungle_book, layout_gridlike, minmay_slime_entry_pillars,
          minivault_25, grunt_megastairs_2, infiniplex_staircase_pool_2,
          uniq_nessos
Shoals:1: layout_shoals
Shoals:2: nzn_motion_control, layout_shoals
Shoals:3: layout_shoals, nicolae_shop_clearance
Shoals:4: shoals_end_hangedman, layout_shoals, lemuel_centaur_altar, uniq_mara,
          uniq_nikola
Snake:1:  layout_basic, minmay_shoptagon
Snake:2:  layout_rooms, uniq_aizul
Snake:3:  layout_rooms, gammafunk_ghost_wrathful_warriors, uniq_azrael,
          uniq_vashnia, uniq_agnes
Snake:4:  johnstein_snake_rune_scales, layout_basic, minmay_snake_pond,
          serial_bayou_shore_b, minmay_shop_grove
Orc:1:    layout_caves, abandoned_shop
Orc:2:    st_orc_elflike, layout_caves, special_room
Vaults:1: nicolae_vaults_oval_intersection, nicolae_vaults_trapezoid_2,
          nicolae_vaults_closet_pinwheel_4, grunt_vaults_twisty,
          nicolae_vaults_storage_closets_1, hangedman_vaults_trim,
          ontoclasm_vaults_chip, nicolae_vaults_network_star,
          layout_vaults_big_room
Vaults:2: portal_desolation_entry_salt, nicolae_vaults_theta, v_misc_27,
          vaults_room_pool, v_misc_29, hangedman_vaults_capsules,
          nicolae_vaults_shipping_containers_6, nicolae_vaults_rhombus_6,
          blue_anna_dwarven_crypt, nicolae_vaults_closet_pinwheel_2, v_misc_19,
          nicolae_vaults_double_plus_2, nicolae_vaults_alarming,
          layout_vaults_ring, serial_shops, shop
Vaults:3: serial_ice_h, hangedman_vaults_stretched_pinwheel,
          nicolae_vaults_steering_wheel, ontoclasm_vaults_pinch,
          ontoclasm_vaults_gateway, nicolae_vaults_surprise_closet,
          layout_vaults_omnigrid
Vaults:4: vaults_mumra_chevron, nicolae_vaults_off_center_swirl,
          vaults_room_stairs_pillars, grunt_vaults_funnel, v_rooms_2,
          nicolae_vaults_six-pack, ontoclasm_vaults_decontamination,
          vaults_mumra_chevron_long, hangedman_vaults_nodes,
          nicolae_vaults_what_the_h, nicolae_vaults_wrenched,
          nicolae_vaults_diamond_2, vaults_room_semicircle,
          nicolae_vaults_oval_intersection, layout_vaults_maze, uniq_norris
Vaults:5: serial_shops
Depths:1: layout_roguey, enter_ziggurat_b, serial_shops, shop, hell_entry,
          serial_glass, glass_columns_a, glass_columns_b,
          cheibrodos_ashenzari_chains, minmay_misc_feat_tower, kb_rosetta
Depths:2: evilmike_wizard_prison, layout_gridlike, rand_demon_pan_entry_8,
          hell_entry, minmay_staircase_bubble
Depths:3: hangedman_surveillance_ring, layout_basic, hell_entry, abyss_entry,
          grunt_pan_entry_in_and_out, serial_bayou_ford_a, uniq_boris, uniq_vv,
          uniq_jory

Skill      XL: |  1  2  3  4  5  6  7  8  9 10 11 12 13 14 15 16 17 18 19 20 21 22 23 |
---------------+----------------------------------------------------------------------+-----
Axes           | 3 4 5 6 7 8 9 12 15 18 19 20 | 20.0
Fighting       | 5 7 10 13 15 19 20 22 | 22.0
Evocations     | 3 10 14 16 20 | 20.0
Armour         | 3 7 10 15 | 15.0
Dodging        | 9 15 | 15.0
Shields        | 9 10 14 15 17 | 17.1
Stealth        | |  5.0

Action                     |  1- 3 |  4- 6 |  7- 9 | 10-12 | 13-15 | 16-18 | 19-21 | 22-24 || total
---------------------------+-------+-------+-------+-------+-------+-------+-------+-------++-------
  Melee: Hand axe          |    15 |    79 |   129 |   412 |   950 |  1175 |  1325 |   754 ||  4839
         Peck              |     4 |    11 |    29 |    87 |   264 |   316 |   414 |   321 ||  1446
         Kick              |     3 |    29 |    41 |   113 |   432 |   510 |   704 |   499 ||  2331
         War axe           |       |    54 |       |       |       |       |       |       ||    54
         Punch             |       |     1 |     2 |     2 |       |       |       |       ||     5
         Broad axe         |       |       |       |       |       |       |       |   117 ||   117
  Throw: Boomerang         |       |     3 |     4 |     6 |    14 |    48 |    11 |    13 ||    99
         Javelin           |       |       |       |       |       |       |       |    18 ||    18
         Throwing net      |       |       |       |       |       |       |       |     3 ||     3
 Invoke: Potion Petition   |       |       |       |     2 |     4 |     2 |     4 |    11 ||    23
  Evoke: Wand              |       |     1 |    10 |     8 |     2 |     4 |     2 |    11 ||    38
         Phantom mirror    |       |       |       |       |       |     1 |     1 |       ||     2
         Phial of floods   |       |       |       |       |       |     1 |       |     1 ||     2
         Tin of tremorston |       |       |       |       |       |       |       |     4 ||     4
    Use: Potion            |     2 |     1 |     3 |     2 |       |     3 |     1 |    14 ||    26
         Scroll            |       |     5 |     3 |    14 |     5 |     9 |     5 |    17 ||    58
   Stab: Sleeping          |       |     4 |       |     4 |    10 |    16 |       |       ||    34
         Distracted        |       |       |       |     3 |    10 |    16 |    16 |     5 ||    50
         Confused          |       |       |       |       |       |       |     1 |       ||     1
         Held in net/web   |       |       |       |       |       |       |       |     3 ||     3
 Armour: Leather armour    |     8 |    28 |       |       |       |       |       |       ||    36
         Scale mail        |       |    12 |       |       |       |       |       |       ||    12
         Chain mail        |       |     6 |    51 |       |       |       |       |       ||    57
         Plate armour      |       |       |    15 |     5 |       |       |   487 |   227 ||   734
         Swamp dragon scal |       |       |       |   142 |   359 |   341 |    43 |       ||   885
         Skin              |       |       |       |     9 |       |       |       |    27 ||    36
  Dodge: Dodged            |     5 |    93 |    56 |   206 |   593 |   663 |   478 |   283 ||  2377
  Block: Kite shield       |       |       |       |    73 |   290 |       |       |       ||   363
         Tower shield      |       |       |       |       |    18 |   908 |  1166 |   601 ||  2693
         Reflection        |       |       |       |       |       |    33 |    96 |    19 ||   148

Table legend: (Time is in decaauts)
 A = Elapsed time spent in this place.
 B = Non-inter-level travel time spent in this place.
 C = Inter-level travel time spent in this place.
 D = Time resting spent in this place.
 E = Time spent auto-exploring this place.
 F = Levels seen in this place.
 G = Mean time per level.
                   A        B        C        D        E       F      G
               +--------+--------+--------+--------+--------+-----+--------+
         Total |  57726 |  53862 |   3864 |  16273 |  23671 |  40 | 1443.2 |
       Dungeon |  17391 |  15624 |   1767 |   3106 |   9329 |  15 | 1159.4 |
        Temple |     31 |     10 |     21 |      0 |      0 |   1 |   31.0 |
          Lair |   7869 |   7222 |    647 |   1588 |   3913 |   5 | 1573.8 |
        Shoals |   4950 |   4682 |    268 |    909 |   1906 |   4 | 1237.5 |
     Snake Pit |   7059 |   6934 |    125 |   2390 |   2890 |   4 | 1764.8 |
  Orcish Mines |   1434 |   1393 |     41 |    335 |    572 |   2 |  717.0 |
        Vaults |  11890 |  11080 |    810 |   4330 |   3486 |   5 | 2378.0 |
        Depths |   6353 |   6172 |    181 |   3240 |   1413 |   3 | 2117.7 |
      Gauntlet |    745 |    745 |      0 |    371 |    162 |   1 |  745.0 |
               +--------+--------+--------+--------+--------+-----+--------+

Top non-repeatable levels by time:
Depths:1: 3456 daAuts
Vaults:5: 3218 daAuts
Vaults:3: 2747 daAuts
 Snake:4: 2688 daAuts
Vaults:2: 2111 daAuts
  Lair:4: 2022 daAuts
  Lair:5: 1979 daAuts
Vaults:1: 1977 daAuts
Depths:2: 1973 daAuts
Vaults:4: 1835 daAuts
 Snake:3: 1772 daAuts
Shoals:4: 1699 daAuts
    D:14: 1685 daAuts
 Snake:2: 1562 daAuts
     D:6: 1528 daAuts
